 Dungeon Crawl Stone Soup version 0.30.0 (webtiles) character file.

Game seed: 17110136314725652908

1321 AngryGerman the Cleaver (level 8, -2/69 HPs)
             Began as a Minotaur Fighter on Sept 27, 2023.
             Succumbed to a gnoll's poison
             ... on level 7 of the Dungeon.
             The game lasted 00:29:49 (4854 turns).

AngryGerman the Cleaver (Minotaur Fighter)          Turns: 4854, Time: 00:29:49

Health: -2/69      AC: 12    Str: 22    XL:     8   Next: 33%
Magic:  7/7        EV:  9    Int:  5    God:
Gold:   244        SH:  5    Dex: 11    Spells: 7/7 levels left

rFire   . . .        a - +0 war axe
rCold   + . .        c - +0 buckler
rNeg    . . .        k - +5 scale mail "Busus" {rPois rC+ Stlth-}
rPois   +            (helmet restricted)
rElec   .            (no cloak)
rCorr   .            (no gloves)
SInv    .            (no boots)
Will    .....        (no amulet) Stlth
                     j - ring of poison resistance
HPRegen 0.31/turn    (no ring)
MPRegen 0.10/turn

%: no passive effects
@: lethally poisoned (-2 -> -14)
A: horns 2, retaliatory headbutt
a: no special abilities


You were on level 7 of the Dungeon.
You visited 1 branch of the dungeon, and saw 7 of its levels.

You collected 244 gold pieces.

Inventory:

Hand Weapons
 a - a +0 war axe (weapon)
 n - a +0 scythe
 t - a +1 sling of freezing
 A - a +0 quarterstaff
Armour
 b - a +0 scale mail
 c - a +0 buckler (worn)
 h - a +0 ring mail
 k - the +5 scale mail "Busus" (worn) {rPois rC+ Stlth-}
   (You found it on level 2 of the Dungeon)

   rC:        It protects you from cold.
   rPois:     It protects you from poison.
   Stlth:     It makes you less stealthy.
 o - a +2 robe
 s - a +0 chain mail
Jewellery
 j - a ring of poison resistance (left hand)
 v - a ring of wizardry
 z - an amulet of faith
 D - a ring of protection from cold
Scrolls
 e - a scroll of torment {unknown}
 f - 2 scrolls of fear {unknown}
 g - a scroll of blinking {unknown}
 i - 3 scrolls of teleportation {unknown}
 l - 5 scrolls of identify {unknown}
 y - 2 scrolls of poison {unknown}
 B - a scroll of enchant armour {unknown}
 C - a scroll of immolation {unknown}
Potions
 d - a potion of might
 m - 4 potions of attraction {unknown}
 p - a potion of berserk rage {unknown}
 q - a potion of curing {unknown}
 r - 2 potions of heal wounds {unknown}
 u - a potion of invisibility
 w - a potion of flight {unknown}
 x - 2 potions of degeneration {unknown}


   Skills:
 + Level 5.5 Fighting
 * Level 9.9 Axes
 + Level 6.3 Armour
 + Level 4.9 Shields


You had 7 spell levels left.
You didn't know any spells.
Your spell library contained the following spells:

 Spells                   Type           Power      Damage    Failure   Level
 Kiss of Death            Conj/Necr      0%         2d5       83%         1
 Confusing Touch          Hex            0%         N/A       99%         3
 Dispel Undead            Necr           0%         3d6       100%        4


Dungeon Overview and Level Annotations

Branches:
Dungeon (7/15)
 Temple: D:4-7

Altars:
Ashenzari
Fedhas
Gozag
Makhleb
Qazlal
Zin
The Shining One

Shops:
D:6 :


Innate Abilities, Weirdness & Mutations

You have a pair of horns on your head.
You reflexively headbutt those who attack you in melee.


Message History

You hit the gnoll but do no damage.
The gnoll is moderately wounded.
You feel very sick. The gnoll closely misses you.
The gnoll hits you from afar with a +2 spear of venom.
You closely miss the gnoll. Your headbutt misses the gnoll.
The gnoll is moderately wounded.
You feel sick. The gnoll barely misses you.
The gnoll hits you but does no damage.
You closely miss the gnoll.
The gnoll is moderately wounded.
You feel sick. You block the gnoll's attack.
The gnoll hits you but does no damage.
You closely miss the gnoll.
The gnoll is moderately wounded.
You feel sick. The gnoll hits you but does no damage.
The gnoll hits you from afar with a +2 spear of venom.
* * * LOW HITPOINT WARNING * * *
You are more poisoned.
Unknown command.
You barely miss the gnoll.
The gnoll is moderately wounded.
* * * LOW HITPOINT WARNING * * *
You feel very sick.
The gnoll hits you but does no damage. x2
You hit the gnoll.
The gnoll is moderately wounded.
You feel sick. The gnoll closely misses you. You furiously retaliate!
You headbutt the gnoll.
The gnoll hits you from afar with a +2 spear of venom!
* * * LOW HITPOINT WARNING * * *
You closely miss the gnoll.
The gnoll is heavily wounded.
* * * LOW HITPOINT WARNING * * *
You feel sick. The gnoll completely misses you.
The gnoll hits you but does no damage.
You are more poisoned.
You barely miss the gnoll.
The gnoll is heavily wounded.
You die...

..# #.# #.# #.# #.# ###
# #.# #.###?.. .# #.#
#..... .. #######.####
#.... .. ...........#
#..# /#
.###.#..##.###.)##..#.#.
..##.#........).@gg.....
.....#.###.###..##g####.
..#..#.###.# #.?# ..
...........# #..# ##
.....#.##### #...
..#..#.# ...## .....# #
#...# .....# #...!
.......


You could see 3 gnolls.

Vanquished Creatures
  Sigmund (D:2)
  A steam dragon (D:6)
  A black bear (D:6)
  A sky beast (D:6)
  An ogre (D:6)
  A gnoll sergeant (D:7)
  4 scorpions
  A hound (D:4)
  2 orc priests
  A jelly (D:5)
  Jessica (D:3)
  2 iguanas
  An orc wizard (D:4)
  Robin (D:2)
  9 gnolls
  4 adders
  2 ufetubi
  3 worms
  4 dart slugs
  8 orcs
  6 endoplasms
  3 giant cockroaches
  20 goblins
  8 hobgoblins
  5 kobolds
  3 quokkas (D:2)
  5 ball pythons
  3 bats
  4 frilled lizards
  10 rats
116 creatures vanquished.

Notes
Turn   | Place    | Note
-------+----------+-------------------------------------------
     0 | D:1      | AngryGerman the Minotaur Fighter began the quest for the
                  | Orb.
     0 | D:1      | Reached XP level 1. HP: 19/19 MP: 0/0
   191 | D:1      | Reached XP level 2. HP: 27/27 MP: 1/1
   246 | D:1      | Found a faded altar of an unknown god.
   429 | D:1      | Reached skill level 3 in Axes
   855 | D:2      | Reached XP level 3. HP: 13/33 MP: 2/2
   997 | D:2      | Identified the +5 scale mail "Busus" {rPois rC+ Stlth-}
  1037 | D:2      | Noticed Robin
  1046 | D:2      | Reached XP level 4. HP: 33/40 MP: 3/3
  1047 | D:2      | Reached skill level 4 in Axes
  1051 | D:2      | Killed Robin
  1227 | D:2      | Noticed Sigmund
  1241 | D:2      | Killed Sigmund
  1242 | D:2      | Reached skill level 6 in Axes
  1242 | D:2      | Reached XP level 5. HP: 38/47 MP: 4/4
  1242 | D:2      | Reached XP level 6. HP: 42/53 MP: 5/5
  1668 | D:3      | Found a glowing silver altar of Zin.
  2003 | D:3      | Found a burning altar of Makhleb.
  2003 | D:3      | Found a broken altar of Ashenzari.
  2004 | D:3      | Found an opulent altar of Gozag.
  2020 | D:3      | Found a stormy altar of Qazlal.
  2092 | D:3      | Noticed Jessica
  2097 | D:3      | Killed Jessica
  2590 | D:4      | Reached skill level 7 in Axes
  3445 | D:5      | Entered Level 5 of the Dungeon
  3449 | D:5      | Reached skill level 5 in Armour
  3449 | D:5      | Reached XP level 7. HP: 60/60 MP: 6/6
  3569 | D:6      | Found a glowing golden altar of the Shining One.
  3635 | D:6      | Found Zuwaoq's Book Emporium.
  3721 | D:6      | Noticed a steam dragon
  3734 | D:6      | Killed a steam dragon
  3735 | D:6      | Reached skill level 5 in Fighting
  3735 | D:6      | Reached skill level 8 in Axes
  4085 | D:6      | Reached skill level 9 in Axes
  4126 | D:6      | Found a blossoming altar of Fedhas.
  4209 | D:6      | Reached XP level 8. HP: 63/68 MP: 7/7
  4852 | D:7      | HP: 2/69 [gnoll/+2 spear of venom[a gnoll sergeant] (7)]
  4854 | D:7      | Succumbed to a gnoll's poison

Illustrated notes

Levels and vault maps discovered:
D:1:      ebering_hopf_link, layout_loops_ring,
          shapermc_ecumenical_altar_flowoftime, chequers_serial_rivers_micro_d,
          nicolae_titane
D:2:      layout_basic, uniq_sigmund, uniq_robin
D:3:      layout_loops_cross, nicolae_overflow_quartered_altars,
          mainiacjoe_overflow_tiny_flanked, uniq_jessica
D:4:      layout_basic, roderic_serpentine_path
D:5:      layout_rooms, minmay_temple_entry_ruins,
          lightli_ossuary_entry_decrepit_ruins, kennysheep_donut, uniq_pikel,
          uniq_edmund
D:6:      minmay_inner_zag, layout_gridville, kennysheep_mini,
          mainiacjoe_overflow_six_doors_small, serial_shops,
          nicolae_shop_hallway_stairs
D:7:      layout_loops_cross

Skill      XL: |  1  2  3  4  5  6  7 |
---------------+----------------------+-----
Axes           | 3 6 7 9 |  9.9
Fighting       | 4 5 |  5.5
Shields        | 4 |  4.9
Armour         | 4 5 6 |  6.3

Action                     |  1- 3 |  4- 6 |  7- 9 || total
---------------------------+-------+-------+-------++-------
  Melee: War axe           |    54 |   153 |    82 ||   289
         Headbutt          |     9 |    13 |    12 ||    34
 Armour: Scale mail        |    14 |   107 |    40 ||   161
  Dodge: Dodged            |    15 |    71 |    46 ||   132
  Block: Buckler           |    12 |    26 |    26 ||    64
